 Dungeon Crawl Stone Soup version 0.26-a0-21-gf97e55dc39 (webtiles) character file.

Game seed: 6784860087943847242, levelgen mode: deterministic

1616 Lanoc the Sneak (level 8, -1/68 HPs)
             Began as a Yellow Draconian Assassin on May 26, 2020.
             Was a Follower of Wu Jian.
             Slain by an orc warrior
             ... wielding a +0 long sword
              (15 damage)
             ... on level 7 of the Dungeon.
             The game lasted 00:10:51 (7863 turns).

Lanoc the Sneak (Yellow Draconian Assassin)         Turns: 7863, Time: 00:10:52

Health: -1/68      AC:  7    Str: 10 (13) XL:     8   Next: 64%
Magic:  8/8        EV: 13    Int: 10 (12) God:    Wu Jian [*.....]
Gold:   251        SH:  0    Dex: 12 (15) Spells: 7/7 levels left

rFire    . . .     SeeInvis .   a - +1 dagger (vamp)
rCold    . . .     Gourm    .   (no shield)
rNeg     + . .     Faith    .   (armour unavailable)
rPois    .         Spirit   .   (helmet restricted)
rElec    .         Reflect  .   b - +0 cloak
rCorr    +         Harm     .   (no gloves)
MR       .....                  (no boots)
Stlth    +++.......             (no amulet)
HPRegen  0.21/turn              q - ring of positive energy
MPRegen  0.11/turn              r - ring of flight

@: stab
A: spit acid, unfitting armour, cold-blooded, acid resistance, AC +6
a: Breathe Acid, Renounce Religion, Evoke Flight


You were on level 7 of the Dungeon.
You worshipped Wu Jian.
Wu Jian was aware of your devotion.
You were not hungry.

You visited 2 branches of the dungeon, and saw 8 of its levels.

You collected 306 gold pieces.
You spent 55 gold pieces at shops.

Inventory:

Hand Weapons
 a - a +1 vampiric dagger (weapon)
Missiles
 c - 15 poisoned darts (quivered)
 d - 2 curare-tipped darts
Armour
 b - a +0 cloak (worn)
Jewellery
 q - a ring of positive energy (left hand)
 r - a ring of flight (right hand)
Wands
 t - a wand of acid (13)
 w - a wand of iceblast (11)
Scrolls
 e - 4 scrolls of teleportation {unknown}
 g - 9 scrolls of identify
 i - 2 scrolls of remove curse
 j - a scroll of enchant armour {unknown}
 l - a scroll of magic mapping {unknown}
 s - a scroll of amnesia {unknown}
 v - a scroll of fog {unknown}
 x - a scroll of random uselessness {unknown}
 y - a scroll of fear {unknown}
 A - a scroll of enchant weapon {unknown}
Potions
 m - a potion of ambrosia
 n - 2 potions of heal wounds
 o - a potion of stabbing
 p - a potion of cancellation
 u - a potion of degeneration
Comestibles
 f - 10 rations
 z - 8 chunks of flesh


   Skills:
 + Level 5.2 Fighting
 * Level 6.7 Short Blades
 - Level 1.7 Throwing
 + Level 4.0 Dodging
 * Level 7.2 Stealth


You had 7 spell levels left.
You didn't know any spells.
Your spell library was empty.

Dungeon Overview and Level Annotations

Branches:
Dungeon (7/15)             Temple (1/1) D:4

Altars:
Cheibriados
Dithmenos
Elyvilon
Fedhas
Gozag
Hepliaklqana
Kikubaaqudgha
Makhleb
Nemelex Xobeh
Okawaru
Qazlal
Ru
Uskayaw
Vehumet
Wu Jian
Xom
Yredelemnul
Zin
The Shining One

Shops:
D:4 ((:   D:6 %}**


Innate Abilities, Weirdness & Mutations

You can spit globs of acid.
Your golden yellow scales are hard. (AC +6)
You cannot fit into any form of body armour.
You are cold-blooded and may be slowed by cold attacks.
You are resistant to acid. (rCorr)


Message History

You hit the orc warrior.
You feel better.
You tail-slap the orc warrior, but do no damage.
The orc warrior is heavily wounded.
The orc warrior completely misses you.
You closely miss the orc warrior.
The orc warrior is heavily wounded.
It was a potion of degeneration.
There was something very wrong with that liquid.
You feel weakened.
You feel dopey.
You feel clumsy. The orc warrior barely misses you.
You closely miss the orc warrior.
Your tail-slap misses the orc warrior.
The orc warrior is heavily wounded.
You hit the orc warrior but do no damage.
The orc warrior is heavily wounded.
The orc warrior hits you with a +0 long sword!
* * * LOW HITPOINT WARNING * * *
You closely miss the orc warrior.
The orc warrior is heavily wounded.
The orc warrior hits you with a +0 long sword!
You die...

#.. #.##.#
#........# ##.
#.##.# #........#
.# #.##.#
#........# .#
#.##.# ##.######
..##.##.####.####.
...............##
#.##.##.####.#.#
#.........# #
####@###### # #o#
........# # #g#
........# # #y#
........# #
#....go#
........###
#....oog .........
#........ #.......
#........#
#.......
#........#
#####....†..


You could see an orc warrior, a gnoll sergeant, a killer bee, 2 gnolls and 3
orcs.

Vanquished Creatures
  A black bear (D:7)
  A phantom (D:6)
  A necrophage (D:7)
  2 sky beasts (D:6)
  An ogre (D:7)
  2 bullfrogs (D:6)
  A scorpion (D:5)
  3 killer bees (D:7)
  A crimson imp (D:5)
  A hound (D:4)
  A jelly (D:7)
  A bullfrog skeleton (D:5)
  An orc priest (D:6)
  4 orc wizards
  An iguana (D:4)
  Jessica (D:3)
  2 centaur skeletons (D:6)
  7 worker ants
  A hound skeleton (D:6)
  4 gnolls (D:3)
  8 adders
  An adder zombie (D:5)
  5 worms
  2 leopard geckos
  20 orcs
  5 giant cockroaches
  9 goblins
  6 hobgoblins
  9 jackals
  10 kobolds
  5 quokkas
  2 ball pythons
  11 bats
  5 frilled lizards
  2 quokka skeletons (D:4)
  8 rats
145 creatures vanquished.

Notes
Turn   | Place    | Note
-------+----------+-------------------------------------------
     0 | D:1      | Lanoc the Draconian Assassin began the quest for the Orb.
     0 | D:1      | Reached XP level 1. HP: 17/17 MP: 1/1
    37 | D:1      | Reached skill level 1 in Dodging
   318 | D:1      | Reached XP level 2. HP: 24/25 MP: 2/2
   977 | D:1      | Reached XP level 3. HP: 30/30 MP: 3/3
  1111 | D:2      | Reached skill level 4 in Stealth
  1779 | D:2      | Reached XP level 4. HP: 37/37 MP: 4/4
  2976 | D:3      | Reached XP level 5. HP: 24/45 MP: 5/5
  3477 | D:3      | Noticed Jessica
  3486 | D:3      | Killed Jessica
  3710 | D:3      | Found a snail-covered altar of Cheibriados.
  4031 | D:4      | Found Vaeroiq's Weapon Shoppe.
  4037 | D:4      | Found a staircase to the Ecumenical Temple.
  4089 | D:4      | Reached skill level 5 in Stealth
  4089 | D:4      | Reached XP level 6. HP: 29/51 MP: 6/6
  4099 | Temple   | Entered the Ecumenical Temple
  4341 | Temple   | Became a worshipper of the Wu Jian Council
  4725 | D:4      | Found Guguill's Antique Weapon Emporium.
  5191 | D:4      | Found Fiyzi's Book Boutique.
  5330 | D:5      | Entered Level 5 of the Dungeon
  5853 | D:5      | Your scales start taking on a golden yellow colour.
  5853 | D:5      | Reached XP level 7. HP: 53/58 MP: 7/7
  5853 | D:5      | Gained mutation: You are resistant to acid. (rCorr) [Yellow
                  | Draconian growth]
  6034 | D:5      | Found a glowing silver altar of Zin.
  6409 | D:6      | Reached skill level 5 in Short Blades
  6471 | D:6      | Reached * piety under Wu Jian
  6471 | D:6      | Reached skill level 6 in Stealth
  6588 | D:6      | Found Vusch's Gadget Boutique.
  6713 | D:6      | Found Yllon's General Store.
  6720 | D:6      | Bought a potion of heal wounds for 55 gold pieces
  6736 | D:6      | Found Xeep Cez's General Store.
  6809 | D:6      | Reached XP level 8. HP: 62/67 MP: 8/8
  7231 | D:6      | Found Imarecoso's Food Emporium.
  7459 | D:7      | Noticed a +0 hand axe
  7461 | D:7      | Noticed a +0 dagger
  7463 | D:7      | Found a hide-covered altar of Uskayaw.
  7527 | D:7      | Reached skill level 5 in Fighting
  7543 | D:7      | Reached skill level 7 in Stealth
  7863 | D:7      | Slain by an orc warrior

Illustrated notes

Levels and vault maps discovered:
D:1:      dpeg_arrival_fog, layout_loops_ring, minmay_misc_feat_nine_boxes
D:2:      minmay_spotlight, layout_basic, serial_glass, glass_columns_b,
          glass_columns_a, first_ration, minmay_stone_trees_large,
          minmay_misc_feat_alley
D:3:      layout_basic, old_standard_altar, uniq_jessica
D:4:      layout_cave_pools, minmay_temple_entry_statues_pillars, serial_shops,
          kennysheep_mini_moat, shop, shop, lemuel_statue_altar
D:5:      layout_cave_pools, overflow_temple_1_default
D:6:      layout_cave_pods, serial_shops,
          nicolae_shop_temple_entry_statues_fountains, shop,
          nicolae_shop_behind_doors, shop, nrook_mini_backslash,
          kennysheep_nondescript
D:7:      layout_basic, dancing_weapons_uskayaw
Temple:   nicolae_temple_elliptical

Skill      XL: |  1  2  3  4  5  6  7  8 |
---------------+-------------------------+-----
Dodging        | 1 2 3 4 |  4.0
Stealth        | 4 5 6 7 |  7.2
Short Blades   | 3 4 5 6 |  6.7
Fighting       | 3 4 5 |  5.2
Throwing       | |  1.7

Action                   |  1- 3 |  4- 6 |  7- 9 || total
-------------------------+-------+-------+-------++-------
Melee: Dagger            |   171 |   415 |   234 ||   820
       Tailslap          |    14 |    62 |    35 ||   111
Throw: Dart              |       |       |     1 ||     1
Invok: Lunge             |       |     8 |     8 ||    16
 Abil: Breathe Acid      |       |       |    13 ||    13
  Use: Scroll            |       |     2 |       ||     2
       Potion            |       |     2 |     6 ||     8
 Stab: Sleeping          |    10 |    14 |     3 ||    27
       Distracted        |       |     1 |       ||     1
  Eat: Chunk             |     3 |    13 |     6 ||    22
       Ration            |       |       |     1 ||     1
Armor: Skin              |    60 |    90 |    79 ||   229
Dodge: Dodged            |    80 |   200 |    97 ||   377

Table legend:
 A = Non-vault XP
 B = Vault XP
 C = Vault XP percentage of total XP
 D = Non-vault monster count
 E = Vault monster count
 F = Vault count percentage of total count
                 A         B        C        D         E       F
            +---------+---------+-------+---------+---------+-------
      Total |    2268 |      41 |   1.8 |     141 |       4 |   2.8
            +---------+---------+-------+---------+---------+-------
        D:1 |      42 |       0 |   0.0 |      27 |       0 |   0.0
        D:2 |      75 |       4 |   5.1 |      18 |       3 |  14.3
        D:3 |     169 |      37 |  18.0 |      33 |       1 |   2.9
        D:4 |     287 |       0 |   0.0 |      19 |       0 |   0.0
        D:5 |     260 |       0 |   0.0 |      12 |       0 |   0.0
        D:6 |     824 |       0 |   0.0 |      20 |       0 |   0.0
        D:7 |     611 |       0 |   0.0 |      12 |       0 |   0.0
            +---------+---------+-------+---------+---------+-------
